 Dungeon Crawl Stone Soup version 0.28-a0-769-g550dbda0cd (webtiles) character file.

Game seed: 14412004411894016881

46 timneilson the Covered (level 3, -4/23 HPs)
             Began as a Gargoyle Fighter on Oct 31, 2021.
             Slain by an iguana (9 damage)
             ... on level 2 of the Dungeon.
             The game lasted 00:01:36 (1512 turns).

timneilson the Covered (Gargoyle Fighter)           Turns: 1512, Time: 00:01:37

Health: -4/23      AC: 10    Str: 20    XL:     3   Next: 66%
Magic:  3/3        EV:  9    Int:  8    God:
Gold:   44         SH:  4    Dex:  9    Spells: 2/2 levels left

rFire   . . .      SeeInvis .   a - +0 long sword
rCold   . . .      Faith    .   c - +0 buckler
rNeg    + . .      Spirit   .   b - +0 scale mail
rPois   ∞          Reflect  .   (no helmet)
rElec   +          Harm     .   (no cloak)
rCorr   .          Rampage  .   (no gloves)
Will    .....                   (no boots)
Stlth   ..........              (no amulet)
HPRegen 0.07/turn               (no ring)
MPRegen 0.08/turn               (no ring)

@: flying
A: sickness immunity, AC +3, negative energy resistance 1, electricity
resistance, torment resistance 1, petrification resistance
a: no special abilities


You were on level 2 of the Dungeon.
You visited 1 branch of the dungeon, and saw 2 of its levels.

You collected 44 gold pieces.

Inventory:

Hand Weapons
 a - a +0 long sword (weapon)
Armour
 b - a +0 scale mail (worn)
 c - a +0 buckler (worn)
Scrolls
 f - a scroll of identify
Potions
 d - a potion of might


   Skills:
 + Level 3.6 Fighting
 * Level 2.2 Long Blades
 * Level 3.8 Armour
 + Level 0.4 Dodging
 * Level 3.7 Shields


You had 2 spell levels left.
You didn't know any spells.
Your spell library contained the following spells:

 Spells                   Type           Power      Damage    Failure   Level
 Beastly Appendage        Tmut           0%         N/A       77%         1
 Wereblood                Tmut           0%         N/A       88%         2
 Spider Form              Tmut/Pois      0%         N/A       98%         3


Dungeon Overview and Level Annotations

Branches:
Dungeon (2/15)

Altars:


Innate Abilities, Weirdness & Mutations

You are immune to sickness and miasma.
Your stone body is resilient. (AC +3)
You are immune to poison.
You resist negative energy. (rN+)
You are resistant to electric shocks. (rElec)
You are resistant to unholy torment.
You are immune to petrification.


Message History

You block the kobold's attack.
You hit the iguana.
The iguana is lightly wounded.
You block the jackal's attack. The iguana bites you!
* * * LOW HITPOINT WARNING * * *
The kobold hits you but does no damage.
You are too injured to fight recklessly!
You are too injured to fight recklessly!
You are too injured to fight recklessly!
You are too injured to fight recklessly!
You are too injured to fight recklessly!
You are too injured to fight recklessly!
You are too injured to fight recklessly!
You are too injured to fight recklessly!
You are too injured to fight recklessly!
You are too injured to fight recklessly!
You are too injured to fight recklessly!
You are too injured to fight recklessly!
Unknown command.
You barely miss the iguana.
The iguana is lightly wounded.
The jackal closely misses you. The iguana barely misses you.
The jackal bites you but does no damage.
The kobold hits you but does no damage.
Unknown command.
You block the jackal's attack. The jackal barely misses you.
You closely miss the jackal. The jackal closely misses you.
The jackal bites you but does no damage.
Your scale mail prevents you from hitting the jackal.
You block the jackal's attack. The iguana bites you.
* * * LOW HITPOINT WARNING * * *
The jackal misses you.
Unknown command.
It was a potion of flight.
You feel very buoyant.
You fly up into the air.
The jackal bites you but does no damage.
The iguana bites you!
You die...

#################
###...#lK....(....###
#.....@h##'##.......##
#.....####..†####.....##
#...# #[.#...#.(###....# #..
#..#...#..#.##.#.# #..
#..#...#..#..'.#.# ###..##
#..#...#..#.##.#.#
###.....###..#...#.†###..#.#
..........##'#)?/#'##.....#.
#..........#####.......###


You could see an iguana, a jackal and a kobold.

Vanquished Creatures
  An adder (D:2)
  A worm (D:2)
  2 bats (D:1)
  4 endoplasms
  2 giant cockroaches
  A goblin (D:1)
  4 hobgoblins
  2 quokkas
  6 ball pythons
  4 frilled lizards
  3 kobolds
  4 rats
34 creatures vanquished.

Notes
Turn   | Place    | Note
-------+----------+-------------------------------------------
     0 | D:1      | timneilson the Gargoyle Fighter began the quest for the
                  | Orb.
     0 | D:1      | Reached XP level 1. HP: 14/14 MP: 1/1
   337 | D:1      | Reached XP level 2. HP: 17/19 MP: 2/2
  1236 | D:2      | Reached XP level 3. HP: 23/23 MP: 3/3
  1301 | D:2      | Found a faded altar of an unknown god.
  1512 | D:2      | Slain by an iguana

Illustrated notes

Levels and vault maps discovered:
D:1:      lemuel_arrival_funnel, layout_basic
D:2:      minmay_inner_zag, layout_loops_ring,
          hellmonk_ecumenical_altar_run_dry, minmay_divided_ellipse,
          uniq_crazy_yiuf_cottage

Skill      XL: |  1  2 |
---------------+-------+-----
Long Blades    | 2 |  2.2
Fighting       | |  3.6
Armour         | |  3.8
Dodging        | |  0.4
Shields        | |  3.7

Action                   || total
-------------------------++-------
Melee: Long sword        ||   126
  Use: Scroll            ||     2
       Potion            ||     1
Armor: Scale mail        ||    93
Dodge: Dodged            ||    78
Block: Buckler           ||    44

Table legend: (Time is in decaauts)
 A = Elapsed time spent in this place.
 B = Non-inter-level travel time spent in this place.
 C = Inter-level travel time spent in this place.
 D = Time resting spent in this place.
 E = Time spent auto-exploring this place.
 F = Levels seen in this place.
 G = Mean time per level.
                   A        B        C        D        E       F      G
               +--------+--------+--------+--------+--------+-----+--------+
         Total |   1550 |   1517 |     33 |    221 |   1016 |   2 |  775.0 |
       Dungeon |   1550 |   1517 |     33 |    221 |   1016 |   2 |  775.0 |
               +--------+--------+--------+--------+--------+-----+--------+

Top non-repeatable levels by time:
     D:1: 1246 daAuts
     D:2: 304 daAuts
